 Dungeon Crawl Stone Soup version 0.32-a0-876-gcfddb08e57 (webtiles) character file.

Game seed: 9840269489685753929

15798 Dirtsage the Carver (level 12, 92/92 HPs)
             Began as a Demonspawn Monk on Apr 1, 2024.
             Was a High Priest of Wu Jian.
             Quit the game on level 1 of the Lair of Beasts.
             The game lasted 00:26:42 (11664 turns).

Dirtsage the Carver (Demonspawn Monk)              Turns: 11664, Time: 00:26:42

Health: 92/92      AC: 17    Str: 12    XL:     12   Next: 4%
Magic:  12/12      EV:  8    Int: 14    God:    Wu Jian [*****.]
Gold:   655        SH:  0    Dex: 21    Spells: 11/11 levels left

rFire   + + .        I - +3 scimitar
rCold   + . .        (no shield)
rNeg    . . .        E - +3 chain mail "Emab" {+Blink rF+ rC+ Int+4}
rPois   .            s - +0 helmet
rElec   .            e - +0 cloak
rCorr   +            (gloves unavailable)
SInv    .            (no boots)
Will    .....        R - amulet of faith Stlth
                     F - ring of protection from fire
HPRegen 0.35/turn    C - ring of resist corrosion
MPRegen 0.13/turn

%: faith
@: no status effects
A: molten scales 1, foul stench 1, powered by pain 2, demonic touch 3
a: Renounce Religion, Evoke Blink, Wall Jump, Serpent's Lash, Heavenly Storm


You were on level 1 of the Lair of Beasts.
You worshipped Wu Jian.
Wu Jian was extremely pleased with you.
You visited 3 branches of the dungeon, and saw 13 of its levels.
You also visited: Ossuary and Bailey.

You collected 655 gold pieces.

Inventory:

Hand Weapons
 I - a +3 scimitar (weapon)
 J - a +0 rapier of speed
Missiles
 i - 6 silver javelins
 y - 4 throwing nets
 P - a curare-tipped dart (quivered)
Armour
 b - a +0 robe
 e - a +0 cloak (worn)
 p - an orb of light
 s - a +0 helmet (worn)
 x - a +0 pair of gloves
 E - the +3 chain mail "Emab" (worn) {+Blink rF+ rC+ Int+4}
   (You found it in a bailey)

   Int+4:     It affects your intelligence (+4).
   rF+:       It protects you from fire.
   rC+:       It protects you from cold.
   +Blink:    It lets you blink.
 G - the +6 scale mail of Fallacy {Will- Dex+6}
   (You found it in a bailey)

   Dex+6:     It affects your dexterity (+6).
   Will-:     It decreases your willpower.
 H - a +2 chain mail of fire resistance
Jewellery
 j - a +6 ring of intelligence
 C - a ring of resist corrosion (right hand)
 F - a ring of protection from fire (left hand)
 R - an amulet of faith (around neck)
Wands
 h - a wand of flame (18)
 r - a wand of acid (7)
 z - a wand of polymorph (13)
 D - a wand of digging (3)
 N - a wand of iceblast (13)
Scrolls
 a - a scroll of poison {unknown}
 c - a scroll of brand weapon
 f - 5 scrolls of revelation
 g - 2 scrolls of fear
 k - a scroll of amnesia
 t - 5 scrolls of teleportation
 B - 2 scrolls of blinking
 K - a scroll of enchant weapon {unknown}
 L - a scroll of vulnerability
 M - 2 scrolls of immolation
Potions
 d - a potion of might
 l - 5 potions of heal wounds
 m - 2 potions of brilliance
 n - a potion of resistance
 o - 6 potions of enlightenment
 q - 5 potions of curing
 u - 2 potions of lignification
 v - 2 potions of ambrosia
 w - 2 potions of magic
 A - 2 potions of attraction
 O - a potion of berserk rage
 Q - a potion of invisibility {unknown}


   Skills:
 + Level 7.8 Fighting
 * Level 14.3 Long Blades
 + Level 6.4 Armour
 + Level 7.1 Dodging


You had 11 spell levels left.
You didn't know any spells.
Your spell library contained the following spells:

 Spells                   Type           Power      Damage    Failure   Level
 Sandblast                Erth           0%         2d4       99%         1
 Cigotuvi's Dreadful Rot  Necr/Alch/Air  0%         N/A       100%        2
 Call Canine Familiar     Summ           0%         N/A       100%        3
 Hailstorm                Conj/Ice       0%         3d5       100%        3
 Sigil of Binding         Hex            0%         N/A       100%        3
 Stone Arrow              Conj/Erth      0%         3d7       100%        3
 Summon Ice Beast         Ice/Summ       0%         N/A       100%        3
 Brom's Barrelling Bould  Conj/Erth      0%         2d3       100%        4
 Dimensional Bullseye     Hex/Tloc       0%         N/A       100%        4
 Passage of Golubria      Tloc           0%         N/A       100%        4
 Borgnjor's Vile Clutch   Necr/Erth      0%         N/A       100%        5
 Silence                  Hex/Air        0%         N/A       100%        5
 Permafrost Eruption      Ice/Erth       0%         2x4d1     100%        6
 Sculpt Simulacrum        Ice/Alch       0%         N/A       100%        6
 Lehudib's Crystal Spear  Conj/Erth      0%         10d2      100%        8
 Dragon's Call            Summ           0%         N/A       100%        9


Dungeon Overview and Level Annotations

Branches:
Dungeon (11/15)            Temple (1/1) D:4            Lair (1/5) D:9
Ossuary (visited)          Bailey (visited)
    Orc: D:9-12

Altars:
Ashenzari
Cheibriados
Dithmenos
Fedhas
Gozag
Hepliaklqana
Kikubaaqudgha
Makhleb
Nemelex Xobeh
Okawaru
Qazlal
Ru
Sif Muna
Trog
Uskayaw
Vehumet
Wu Jian
Xom
Yredelemnul

Shops:
D:2 [   D:6 ?

Annotations:
D:3 1 runed translucent door, Konar's ghost, amateur CoHu
D:10 4 transporters
D:11 exclusion: ice statue


Innate Abilities, Weirdness & Mutations

You are partially covered in molten scales. (AC +2)
You may rarely emit foul miasma when damaged in melee.
You sometimes gain power by taking damage.
Your touch may irresistibly damage your foes and sap their willpower.


Message History

The cane toad stings you.
You are poisoned.
The cane toad poisons you! The water moccasin closely misses you.
You take 3 damage, and have 76/92 hp.
You slash the cane toad!
You kill the cane toad!
The Council accepts your kill.
You feel very sick.
The water moccasin bites you but does no damage.
You take 4 damage, and have 72/92 hp.
You hit the water moccasin.
You touch the water moccasin!
You sap its willpower!
The water moccasin is heavily wounded.
You feel very sick. The water moccasin bites you.
You emit a cloud of foul miasma!
You take 5 damage, and have 67/92 hp.
You hit the water moccasin but do no damage.
You touch the water moccasin!
You kill the water moccasin!
The Council accepts your kill.
You feel sick.
You take 2 damage, and have 65/92 hp.
No target in view!
You feel very sick.
You feel sick.
You feel sick.
You feel sick.
You feel sick.
You feel sick.
You feel sick.
You feel sick.
You feel sick.
You are no longer poisoned.
You now have 636 gold pieces (gained 12).
You now have 655 gold pieces (gained 19).
A cane toad comes into view.
The cane toad gives a loud, deep croak!
Health restored: 92 A cane toad comes into view.
Are you sure you want to abandon this character and quit the game? (Confirm with "yes".)

...... ....... ..)....
#......### #.......$#
#.......### ..#
##......#.# #..#
#........## ..#
##....@...### ##..#
....F........###...# .
.F#..............[##....
##....##..........[...
##PP.#.#.#....##P....
###..######...##.... #..
##...#.... ##. ##..##.(.
#..##...


You could see 2 cane toads.

Vanquished Creatures
  A manticore (D:11)
  Maurice (D:7)
  Joseph (D:8)
  2 gargoyles
  A cane toad (Lair:1)
  4 unseen horrors
  2 komodo dragons (D:9)
  A troll (D:11)
  2 hornets
  Prince Ribbit (D:6)
  Grinder (D:5)
  A meliai zombie (D:10)
  A slime creature (D:6)
  Sigmund (D:5)
  2 shadows (D:10)
  3 vampires
  5 wraiths
  Eustachio (D:5)
  12 yaks
  A wyvern (D:5)
  Menkaure (D:5)
  Edmund (D:5)
  5 water moccasins
  A black bear (D:9)
  2 ice beasts
  2 orc warriors
  An ogre (D:5)
  4 centaurs
  A kobold brigand (D:5)
  A weeping skull (Ossuary)
  9 bullfrogs
  3 gnoll sergeants
  5 scorpions
  7 water moccasin zombies (Ossuary)
  8 wights (D:7)
  7 vampire bats (Bailey)
  7 wolf zombies (Bailey)
  7 howler monkeys
  2 bombardier beetles (D:5)
  6 centaur zombies (D:10)
  5 hounds
  7 jellies (D:6)
  A sleepcap (D:6)
  7 orc priests
  2 spectral scorpions (Ossuary)
  Ijyb (D:3)
  A gnoll bouda (D:7)
  3 iguanas
  9 orc wizards
  2 mummies (Ossuary)
  Robin (D:3)
  4 howler monkey zombies (D:10)
  25 gnolls
  8 adders
  2 white imps (D:5)
  5 ufetubi
  4 adder zombies (Ossuary)
  2 dart slugs
  A ribbon worm (D:3)
  26 orcs
  4 ball pythons
  5 bats
  16 endoplasms
  4 giant cockroaches
  10 goblins
  19 hobgoblins
  9 jackals
  3 quokkas
  3 frilled lizards
  9 gnoll zombies (Ossuary)
  6 jackal zombies (Ossuary)
  7 kobolds
  21 orc zombies
  5 rats
361 creatures vanquished.

Notes
Turn   | Place    | Note
-------+----------+-------------------------------------------
     0 | D:1      | Dirtsage the Demonspawn Monk began the quest for the Orb.
     0 | D:1      | Reached XP level 1. HP: 18/18 MP: 1/1
    94 | D:1      | Reached skill level 3 in Long Blades
   144 | D:1      | Gained mutation: You are partially covered in molten
                  | scales. (AC +2) [demonic ancestry]
   144 | D:1      | Reached XP level 2. HP: 24/24 MP: 2/2
   428 | D:1      | Gained mutation: You sometimes gain a little power by
                  | taking damage. [demonic ancestry]
   428 | D:1      | Reached XP level 3. HP: 21/29 MP: 3/3
   714 | D:2      | Reached skill level 4 in Long Blades
   826 | D:2      | Reached XP level 4. HP: 4/35 MP: 4/4
  1336 | D:2      | Found Qeibacah's Armour Boutique.
  1459 | D:3      | Reached skill level 5 in Long Blades
  1504 | D:3      | Found a runed translucent door.
  1517 | D:3      | Noticed Konar's ghost (amateur CoHu)
  1677 | D:3      | Gained mutation: Your touch may inflict minor irresistible
                  | damage on your foes. [demonic ancestry]
  1677 | D:3      | Reached XP level 5. HP: 39/41 MP: 5/5
  1751 | D:3      | Noticed Ijyb
  1758 | D:3      | Killed Ijyb
  1974 | D:3      | Noticed Robin
  1994 | D:3      | Killed Robin
  2209 | D:4      | Found a sand-covered staircase.
  2288 | Ossuary  | Entered an ossuary
  2294 | Ossuary  | Reached skill level 6 in Long Blades
  2308 | Ossuary  | Reached XP level 6. HP: 24/47 MP: 6/6
  2446 | Ossuary  | Reached skill level 7 in Long Blades
  2470 | Ossuary  | Gained mutation: Your touch may inflict irresistible damage
                  | on your foes. [demonic ancestry]
  2470 | Ossuary  | Reached XP level 7. HP: 10/52 MP: 7/7
  2786 | Ossuary  | Reached skill level 8 in Long Blades
  2985 | D:4      | Found a staircase to the Ecumenical Temple.
  2994 | Temple   | Entered the Ecumenical Temple
  3009 | Temple   | Became a worshipper of the Wu Jian Council
  3009 | Temple   | Reached * piety under Wu Jian
  3009 | Temple   | Reached ** piety under Wu Jian
  3409 | D:4      | Found a shimmering blue altar of Sif Muna.
  3438 | D:5      | Entered Level 5 of the Dungeon
  3440 | D:5      | Noticed Eustachio
  3453 | D:5      | Killed Eustachio
  3454 | D:5      | Reached skill level 9 in Long Blades
  3454 | D:5      | Reached XP level 8. HP: 58/58 MP: 8/8
  3506 | D:5      | Noticed Menkaure
  3514 | D:5      | Killed Menkaure
  3679 | D:5      | Reached skill level 10 in Long Blades
  4087 | D:5      | Reached skill level 11 in Long Blades
  4141 | D:5      | Reached XP level 9. HP: 63/63 MP: 9/9
  4212 | D:5      | Noticed Grinder
  4214 | D:5      | Noticed Sigmund
  4220 | D:5      | Paralysed by Grinder for 4 turns
  4225 | D:5      | Killed Grinder
  4226 | D:5      | Killed Sigmund
  4227 | D:5      | Reached skill level 1 in Armour
  4366 | D:5      | Noticed Edmund
  4372 | D:5      | Killed Edmund
  4924 | D:6      | Noticed Prince Ribbit
  4934 | D:6      | Killed Prince Ribbit
  4964 | D:6      | Found Inleub's Magic Scroll Emporium.
  5192 | D:6      | Reached *** piety under Wu Jian
  5448 | D:7      | Noticed Maurice
  5449 | D:7      | Found a shadowy altar of Dithmenos.
  5450 | D:7      | Maurice stole an orb of light
  5488 | D:7      | Maurice stole a +0 rapier of speed
  5489 | D:7      | Maurice stole 314 gold
  5491 | D:7      | Killed Maurice
  5492 | D:7      | Reached skill level 12 in Long Blades
  5716 | D:7      | Gained mutation: Your touch may irresistibly damage your
                  | foes and sap their willpower. [demonic ancestry]
  5716 | D:7      | Reached XP level 10. HP: 43/73 MP: 10/10
  6045 | D:7      | Reached skill level 5 in Fighting
  6070 | D:7      | Found a flagged portal.
  6087 | Bailey   | Entered a bailey
  6201 | Bailey   | Noticed a gargoyle
  6209 | Bailey   | Killed a gargoyle
  6293 | Bailey   | Got Deacec's Encyclopedia of Formation and Ectoplasm
  6301 | Bailey   | Identified the +3 chain mail "Emab" {+Blink rF+ rC+ Int+4}
  6302 | Bailey   | Identified the +6 scale mail of Fallacy {Will- Dex+6}
  6437 | Bailey   | Reached **** piety under Wu Jian
  6512 | Bailey   | Saving game... please wait.
  6801 | D:7      | Reached skill level 5 in Dodging
  6857 | D:7      | Found a sacrificial altar of Ru.
  7556 | D:8      | Found a sparkling altar of Nemelex Xobeh.
  7769 | D:8      | Noticed Joseph
  7793 | D:8      | Killed Joseph
  7973 | D:8      | Reached ***** piety under Wu Jian
  8173 | D:8      | Reached skill level 13 in Long Blades
  8422 | D:9      | Gained mutation: You sometimes gain power by taking damage.
                  | [demonic ancestry]
  8422 | D:9      | Reached XP level 11. HP: 81/81 MP: 11/11
  8500 | D:9      | Reached skill level 5 in Armour
  9112 | D:9      | Found a staircase to the Lair.
  9339 | D:10     | Entered Level 10 of the Dungeon
  9369 | D:10     | Paralysed by a hornet for 3 turns
  9802 | D:10     | Found a transporter.
  9808 | D:10     | Found a transporter.
  9810 | D:10     | Found a transporter.
  9846 | D:10     | Found a transporter.
 10196 | D:10     | Reached skill level 14 in Long Blades
 10487 | D:11     | Identified the +2 orcbow "Janyomi" {flame, Str+2}
 10493 | D:11     | Identified the +8 trident of the Scavenger {freeze, ^Drain
                  | rF+ Int+5}
 11269 | D:11     | Gained mutation: You may rarely emit foul miasma when
                  | damaged in melee. [demonic ancestry]
 11269 | D:11     | Reached XP level 12. HP: 77/92 MP: 12/12
 11389 | Lair:1   | Entered Level 1 of the Lair of Beasts
 11664 | Lair:1   | Quit the game

Illustrated notes

Levels and vault maps discovered:
D:1:      wheals_arrival_shading, layout_basic
D:2:      layout_loops_ring, serial_shops, shop, minmay_goblin_kobold_house
D:3:      layout_rooms, ebering_ghost_sewer_d, uniq_robin, uniq_ijyb
D:4:      layout_cave_pools, marbit_many_paths,
          minmay_temple_entry_gardened_gates, chequers_ossuary_entry_cave,
          nicolae_tricolors
D:5:      wad_river_or_something, layout_basic, hangedman_decor_diamond_cutter,
          sigmund_edmund_badplayer, uniq_edmund, uniq_eustachio, uniq_grinder,
          uniq_menkaure
D:6:      lemuel_slime, layout_rooms, serial_shops, nicolae_shop_peninsula,
          uniq_prince_ribbit1
D:7:      layout_basic, nicolae_dithmenos_through_a_glass_darkly,
          overflow_temple_1_default, enter_bailey_2, uniq_maurice
D:8:      layout_basic, nemelex_xobeh_ov_fountains_minmay,
          serial_library_hellmonk_small_alcove, uniq_joseph
D:9:      layout_roguey, grunt_lair_entry_orc_guard_hut
D:10:     layout_gridville, serial_undead, serial_undead_d, serial_undead_a,
          serial_undead_f, serial_undead_a, nicolae_transporter_circle
D:11:     cheibrodos_frozen_isle, layout_long_grid, nicolae_custom_books
Temple:   regret_index_temple_chain_breaker
Lair:1:   layout_cave_pods, st_stairs_7

Skill      XL: |  1  2  3  4  5  6  7  8  9 10 11 |
---------------+----------------------------------+-----
Long Blades    | 3 4 5 6 7 9 11 12 13 14 | 14.3
Armour         | 3 4 6 |  6.4
Dodging        | 4 5 7 |  7.1
Fighting       | 4 6 7 |  7.8

Action                     |  1- 3 |  4- 6 |  7- 9 | 10-12 || total
---------------------------+-------+-------+-------+-------++-------
  Melee: Falchion          |    81 |   227 |   334 |   176 ||   818
         Touch             |       |       |    85 |   139 ||   224
         Unarmed           |       |       |    14 |       ||    14
         Scimitar          |       |       |       |   390 ||   390
 Invoke: Serpent's Lash    |       |       |       |     2 ||     2
Ability: Whirlwind         |       |       |    13 |    58 ||    71
         Lunge             |       |       |    22 |    41 ||    63
  Evoke: Wand              |       |       |       |     2 ||     2
    Use: Potion            |       |     1 |     3 |     3 ||     7
         Scroll            |       |       |    16 |     3 ||    19
   Stab: Sleeping          |       |       |     5 |       ||     5
 Armour: Robe              |    57 |   130 |   115 |    24 ||   326
         Skin              |       |       |     5 |       ||     5
         Chain mail        |       |       |       |   450 ||   450
  Dodge: Dodged            |    60 |   118 |   129 |   139 ||   446

Table legend: (Time is in decaauts)
 A = Elapsed time spent in this place.
 B = Non-inter-level travel time spent in this place.
 C = Inter-level travel time spent in this place.
 D = Time resting spent in this place.
 E = Time spent auto-exploring this place.
 F = Levels seen in this place.
 G = Mean time per level.
                   A        B        C        D        E       F      G
               +--------+--------+--------+--------+--------+-----+--------+
         Total |  11470 |  11007 |    463 |     49 |   8752 |  15 |  764.7 |
       Dungeon |   9936 |   9502 |    434 |      4 |   7694 |  11 |  903.3 |
        Temple |     30 |      2 |     28 |      0 |      0 |   1 |   30.0 |
          Lair |    272 |    272 |      0 |      0 |    261 |   1 |  272.0 |
       Ossuary |    614 |    614 |      0 |     45 |    350 |   1 |  614.0 |
        Bailey |    617 |    617 |      0 |      0 |    447 |   1 |  617.0 |
               +--------+--------+--------+--------+--------+-----+--------+

Top non-repeatable levels by time:
     D:7: 1257 daAuts
     D:5: 1244 daAuts
    D:10: 1137 daAuts
     D:8: 1072 daAuts
     D:9: 953 daAuts
    D:11: 808 daAuts
     D:2: 804 daAuts
     D:3: 717 daAuts
     D:6: 672 daAuts
     D:1: 656 daAuts
  Bailey: 617 daAuts
 Ossuary: 614 daAuts
     D:4: 610 daAuts
  Lair:1: 272 daAuts
  Temple: 30 daAuts
